 Dungeon Crawl Stone Soup version 0.18.1-50-g88ac8fd (webtiles) character file.

90 Amnesiac the Cutter (level 4, 0/35 HPs)
             Began as a Merfolk Fighter on Mar 11, 2018.
             Was an Initiate of Pakellas.
             Slain by Amnesiac's ghost (5 damage)
             ... on level 5 of the Dungeon.
             The game lasted 00:04:24 (1537 turns).

Amnesiac the Cutter (Merfolk Fighter)               Turns: 1537, Time: 00:04:25

Health: 0/35       AC: 10    Str: 17    XL:     4   Next: 56%
Magic:  4/4        EV:  2    Int:  7    God:    Pakellas [......]
Gold:   169        SH:  9    Dex: 13    Spells: 0 memorised, 3 levels left

rFire  . . .     SeeInvis .     a - +1 rapier
rCold  . . .     Gourm    .     u - +0 plate armour
rNeg   . . .     Faith    +     c - +0 shield
rPois  .         Spirit   .     (no helmet)
rElec  .         Dismiss  .     (no cloak)
rCorr  .         Reflect  .     (no gloves)
SustAt .         Harm     .     (no boots)
MR     .....                    i - amulet of faith
Stlth  ..........               (no ring)
                                b - ring of loudness

@: not resistant to hostile enchantments, extremely unstealthy
A: change form in water, swift swim
a: Renounce Religion


You were on level 5 of the Dungeon.
You worshipped Pakellas.
Pakellas was noncommittal.
You were hungry.

You visited 2 branches of the dungeon, and saw 6 of its levels.

You collected 169 gold pieces.

Inventory:

Hand Weapons
 a - a +1 rapier (weapon)
Armour
 c - a +0 shield (worn)
 u - a +0 plate armour (worn)
 x - a +0 pair of gloves
Jewellery
 b - a ring of loudness (left hand)
 i - an amulet of faith (around neck)
Wands
 y - a wand of lightning (0/15)
Scrolls
 h - a scroll of random uselessness {!r}
 k - 2 scrolls of immolation {!r, unknown}
 l - 2 scrolls of amnesia {!r, unknown}
 n - a scroll of identify {!r, unknown}
 q - a scroll of blinking {!r, unknown}
 r - a scroll of remove curse {!r}
 t - a scroll of enchant weapon {!r}
 z - a scroll of enchant armour {!r, unknown}
Potions
 d - 3 potions of might {!q}
 e - a potion of berserk rage {!q, unknown}
 j - 2 potions of brilliance {!q, unknown}
 m - a potion of lignification {!q, unknown}
 p - a potion of beneficial mutation {!q, unknown}
 w - 2 potions of curing {!q, unknown}
Comestibles
 f - 3 bread rations
 g - 5 meat rations
 o - 2 royal jellies
 s - a slice of pizza
 v - 2 beef jerkies


   Skills:
 - Level 3.2 Fighting
 + Level 5.6 Short Blades
 - Level 2.1 Armour
 - Level 3.0 Shields


You had 3 spell levels left.
You didn't know any spells.

Dungeon Overview and Level Annotations

Branches:
Dungeon (5/15)             Temple (1/1) D:5

Altars:
Okawaru
Pakellas
Ru
Trog
Xom
Yredelemnul
The Shining One

Annotations:
D:5 Amnesiac's ghost, novice MfFi


Message History

Found a stone staircase leading down.
Found a glowing long sword.
You open the door.
Found a slice of pizza.
There is an open door here.
You hear the quick hiss of an avalanche of sand nearby.
Found a scroll labeled AZXUME YDUCECAE.
s - a slice of pizza You open the door.
There is an open door here.
z - a scroll labeled AZXUME YDUCECAE {!r} You now have 160 gold pieces (gained 15).
Found 9 gold pieces.
You now have 169 gold pieces (gained 9).
Amnesiac's ghost turns its malevolent gaze towards you.
An orc zombie comes into view.
Evoke which item? (* to show all) (? for menu, Esc to quit)
Zapping:
y - a wand of lightning (1/15)
Press: ? - help, Shift-Dir - straight line, f - Amnesiac's ghost
Aim: Amnesiac's ghost You hear a mighty clap of thunder!
The bolt of lightning misses Amnesiac's ghost. x2
This wand has 0 charges left.
Amnesiac's ghost hits you. Amnesiac's ghost hits you.
Amnesiac's ghost hits you.
The orc zombie hits you but does no damage.
You hit the orc zombie.
Amnesiac's ghost hits you but does no damage.
You block the orc zombie's attack.
You hit the orc zombie. Amnesiac's ghost completely misses you.
The orc zombie hits you.
Your plate armour prevents you from hitting the orc zombie.
You block Amnesiac's ghost's attack.
You hit the orc zombie. Amnesiac's ghost hits you.
You block the orc zombie's attack.
You hit the orc zombie. You block Amnesiac's ghost's attack.
You block the orc zombie's attack.
You hit the orc zombie.
You destroy the orc zombie!
Pakellas accepts your kill. Amnesiac's ghost hits you!
* * * LOW HITPOINT WARNING * * *
You hear the quick hiss of an avalanche of sand.
There is an open door here.
You open the door. You block Amnesiac's ghost's attack.
There is an open door here.
You open the door.
An elf skeleton comes into view.
Amnesiac's ghost says, "You will never get the ORB!"
Amnesiac's ghost hits you.
* * * LOW HITPOINT WARNING * * *
You open the door.
Amnesiac's ghost hits you but does no damage.
As you open the door, it creaks loudly!
An elf skeleton comes into view.
Amnesiac's ghost hits you.
* * * LOW HITPOINT WARNING * * *
The elf skeleton hits you.
* * * LOW HITPOINT WARNING * * *
Amnesiac's ghost hits you.
* * * LOW HITPOINT WARNING * * *
Amnesiac's ghost hits you.
You die...
Pakellas says: Time to start the next experiment...

.........####..
.........'......
.........####...
#.......## ###
##.....## #.#
##...## #+#'#+#
##'## #.'...+
#.#########ZW.###
#.......#.'Z.@'.#
##..######+#+#+#.#
.##...#....# #.#
#.........#### ##'#
.##...#...##.####..#
##..######......##
#(........######
#.######### #.#


You could see Amnesiac's ghost and 2 elf skeletons.

Vanquished Creatures
  An iguana (D:5)
  A howler monkey zombie (D:5)
  2 gnolls (D:4)
  An adder (D:2)
  A shadow imp (D:5)
  2 giant geckos
  2 hobgoblins (D:2)
  2 kobolds
  2 quokkas
  A jackal skeleton (D:4)
  An orc zombie (D:5)
16 creatures vanquished.

Notes
Turn   | Place    | Note
--------------------------------------------------------------
     0 | D:1      | Amnesiac the Merfolk Fighter began the quest for the Orb.
     0 | D:1      | Reached XP level 1. HP: 18/18 MP: 1/1
   179 | D:2      | Reached skill level 3 in Short Blades
   186 | D:2      | Reached XP level 2. HP: 5/24 MP: 2/2
   871 | D:4      | Reached skill level 4 in Short Blades
   871 | D:4      | Reached XP level 3. HP: 26/29 MP: 3/3
  1030 | D:5      | Entered Level 5 of the Dungeon
  1049 | D:5      | Reached skill level 5 in Short Blades
  1049 | D:5      | Reached XP level 4. HP: 14/35 MP: 4/4
  1171 | D:5      | Found a staircase to the Ecumenical Temple.
  1179 | Temple   | Entered the Ecumenical Temple
  1250 | Temple   | Became a worshipper of Pakellas the Inventive
  1275 | D:5      | Noticed Amnesiac's ghost (novice MfFi)
  1433 | D:5      | Found a glowing golden altar of the Shining One.
  1537 | D:5      | Slain by Amnesiac's ghost

Skill      XL: |  1  2  3 |
---------------+----------+-----
Short Blades   | 3 4 5 |  5.6
Fighting       | |  3.2
Armour         | |  2.1
Shields        | |  3.0

Action                   |  1- 3 |  4- 6 || total
-------------------------+-------+-------++-------
Melee: Rapier            |    57 |    27 ||    84
Evoke: Wand              |     2 |     1 ||     3
  Use: Scroll            |       |     4 ||     4
  Eat: Chunk             |       |     1 ||     1
Armor: Scale mail        |    11 |       ||    11
       Plate armour      |     3 |    26 ||    29
Dodge: Dodged            |     7 |     2 ||     9
Block: Shield            |    30 |    19 ||    49
